Map: Dusk Towers

Players

IIIIIIllIIIl (ToD)

  • Race: Protoss Protoss
  • League: Master

Miszu - Winner!

  • Race: Terran Terran
  • League: Master

VOD

Have the link to the VOD?

Description

Time

  • Played on: Feb. 5, 2016, 3:58 p.m.
  • Length: 19:38
Show
View Real Time Build Order
Export as new Build Order

IIIIIIllIIIl Protoss 

Build Orders: 1 Gate Expand, Oracle Opening 

Get SALT Encoding   

  12  0:01  Probe (Chrono Boost)  
  13  0:11  Probe (Chrono Boost)  
  14  0:18  Pylon  
  14  0:22  Probe (Chrono Boost)  
  15  0:36  Probe (Chrono Boost)  
  15  0:38  Gateway  
  16  0:47  Assimilator, Probe (Chrono Boost)  
  17  0:57  Probe (Chrono Boost)  
  18  1:08  Probe (Chrono Boost)  
  19  1:20  Nexus  
  19  1:23  Probe (Chrono Boost)  
  20  1:34  Cybernetics Core  
  20  1:37  Probe (Chrono Boost)  
  21  1:45  Assimilator  
  21  1:48  Probe (Chrono Boost)  
  22  1:54  Pylon  
  22  1:59  Probe (Chrono Boost)  
  23  2:11  Warp Gate  
  23  2:12  Adept (Chrono Boost), Probe  
  26  2:24  Probe (Chrono Boost)  
  27  2:32  Stargate, Probe (Chrono Boost)  
  27  2:36  Probe (Chrono Boost)  
  29  2:43  Probe (Chrono Boost)  
  30  2:47  Probe (Chrono Boost)  
  31  2:54  Probe (Chrono Boost)  
  31  2:57  Probe (Chrono Boost)  
  33  3:04  Probe (Chrono Boost)  
  34  3:08  Mothership Core (Chrono Boost)  
  34  3:11  Pylon  
  36  3:15  Probe (Chrono Boost)  
  37  3:25  Probe (Chrono Boost)  
  37  3:26  Probe (Chrono Boost)  
  39  3:28  Nexus  
  39  3:30  Oracle  
  42  3:37  Pylon  
  42  3:44  Stalker, Probe (Chrono Boost)  
  42  3:46  Probe (Chrono Boost)  
  46  3:55  Probe (Chrono Boost)  
  47  3:57  Gateway  
  47  3:58  Probe (Chrono Boost)  
  47  4:02  Gateway  
  48  4:08  Probe (Chrono Boost)  
  48  4:09  Probe (Chrono Boost)  
  50  4:10  Assimilator  
  50  4:15  Assimilator  
  50  4:18  Probe (Chrono Boost)  
  50  4:19  Probe (Chrono Boost)  
  52  4:29  Probe (Chrono Boost)  
  52  4:30  Probe (Chrono Boost)  
  54  4:33  Stalker  
  56  4:39  Probe (Chrono Boost)  
  56  4:41  Probe (Chrono Boost)  
  58  4:47  Probe (Chrono Boost)  
  58  4:48  Void Ray  
  58  4:50  Probe (Chrono Boost)  
  58  4:51  Probe (Chrono Boost)  
  65  4:58  Probe (Chrono Boost)  
  66  5:00  Twilight Council, Probe (Chrono Boost)  
  66  5:01  Pylon  
  66  5:02  Probe (Chrono Boost)  
  68  5:07  Pylon  
  68  5:08  Probe (Chrono Boost)  
  68  5:11  Probe (Chrono Boost)  
  68  5:12  Gateway  
  68  5:13  Gateway  
  70  5:18  Gateway, Probe (Chrono Boost)  
  70  5:20  Probe (Chrono Boost)  
  72  5:21  Probe (Chrono Boost)  
  72  5:27  Adept, Sentry, Pylon  
  72  5:28  Probe (Chrono Boost)  
  78  5:31  Probe (Chrono Boost)  
  78  5:32  Probe (Chrono Boost)  
  78  5:35  Pylon  
  80  5:39  Probe (Chrono Boost)  
  81  5:43  Gateway  
  81  5:45  Pylon  
  81  5:46  Probe (Chrono Boost)  
  81  5:47  Pylon  
  81  5:48  Probe (Chrono Boost)  
  81  5:49  Stalker  
  85  5:50  Stalker  
  85  5:52  Blink (Chrono Boost)  
  87  5:57  Pylon  
  87  5:59  Pylon  
  87  6:00  Assimilator, Probe  
  88  6:06  Void Ray  
  92  6:15  Probe  
  92  6:16  Sentry x2  
  97  6:24  Robotics Facility  
  97  6:25  Assimilator  
  97  6:30  Probe  
  98  6:37  Gateway  
  98  6:38  Gateway  
  98  6:40  Probe  
  98  6:41  Stargate, Fleet Beacon  
  98  6:46  Pylon  
  99  6:48  Forge x2  
  99  6:51  Probe  
  100  6:56  Adept x2  
  100  6:59  Pylon  
  104  7:02  Probe  
  105  7:16  Stalker x2  
  105  7:17  Stalker x3  
  115  7:23  Pylon  
  115  7:24  Pylon, Tempest (Chrono Boost)  
  115  7:27  Pylon  
  115  7:29  Tempest (Chrono Boost)  
  123  7:31  Pylon  
  123  7:32  Photon Cannon  
  123  7:35  Probe  
  124  7:40  Pylon  
  124  7:48  Probe  
  124  7:51  Observer  
  126  7:52  Nexus  
  126  7:55  Pylon x2  
  126  8:03  Protoss Ground Weapons Level 1 (Chrono Boost)  
  126  8:04  Protoss Ground Armor Level 1 (Chrono Boost)  
  130  8:05  Pylon  
  130  8:06  Tempest (Chrono Boost)  
  130  8:11  Pylon  
  130  8:13  Probe  
  130  8:17  Adept  
  130  8:19  Adept x2  
  136  8:32  Adept x3  
  142  8:38  Tempest (Chrono Boost)  
  142  8:41  Tempest (Chrono Boost)  
  149  9:01  Adept x2  
  149  9:02  Adept x2  
  155  9:03  Adept x4  
  155  9:09  Resonating Glaives  
  161  9:16  Tempest  
  165  9:21  Nexus  
  165  9:22  Pylon  
  165  9:26  Adept x3  
  165  9:27  Adept x3  
  165  9:28  Pylon  
  165  9:29  Pylon  
  165  9:31  Pylon  
  177  9:33  Oracle  
  177  9:41  Photon Cannon  
  177  9:42  Photon Cannon x2  
  177  9:44  Adept  
  179  9:47  Adept  
  181  9:53  Adept x3  
  187  10:10  Adept x4  
  195  10:16  Photon Cannon x2  
  195  10:19  Protoss Air Weapons Level 1, Protoss Ground Weapons Level 2 (Chrono Boost)  
  195  10:20  Protoss Ground Armor Level 2 (Chrono Boost)  
  195  10:30  Dark Shrine  
  195  10:32  Adept x2  
  197  10:53  Photon Cannon  
  196  11:05  Tempest  
  200  11:12  Photon Cannon  
  200  11:13  Photon Cannon, Assimilator  
  200  11:20  Gateway  
  200  11:27  Gateway  
  200  11:29  Gateway  
  200  11:30  Templar Archives  
  199  11:40  Archon  
  193  11:54  Archon x3  
  193  12:00  Adept x3  
  193  12:04  Adept x4  
  193  12:05  Adept  
  193  12:06  Tempest  
  174  12:12  Tempest  
  173  12:37  Probe  
  173  12:43  Tempest  
  174  12:49  Probe  
  177  12:55  Tempest (Chrono Boost)  
  175  13:16  Protoss Ground Armor Level 3 (Chrono Boost)  
  175  13:22  Pylon  
  175  13:25  Tempest (Chrono Boost)  
  179  13:27  Dark Templar  
  179  13:29  Pylon  
  179  13:33  Protoss Ground Weapons Level 3, Nexus  
  179  13:34  Protoss Air Weapons Level 2  
  175  13:37  Oracle (Chrono Boost)  
  175  13:40  Probe  
  178  13:48  Photon Cannon x2  
  179  13:50  Photon Cannon  
  179  13:52  Photon Cannon  
  179  13:53  Photon Cannon  
  179  13:54  Pylon  
  179  14:02  Dark Templar  
  181  14:03  Adept x4  
  181  14:05  Dark Templar  
  190  14:10  Dark Templar  
  186  14:26  Oracle (Chrono Boost), Probe  
  186  14:27  Tempest (Chrono Boost)  
  194  14:33  Pylon  
  192  14:54  Photon Cannon  
  192  14:56  Adept x2, Photon Cannon  
  192  14:57  Oracle (Chrono Boost), Photon Cannon  
  192  14:59  Photon Cannon  
  199  15:04  Photon Cannon  
  199  15:05  Dark Templar  
  199  15:07  Photon Cannon  
  199  15:12  Dark Templar  
  199  15:24  Nexus  
  195  16:00  Dark Templar  
  197  16:09  Protoss Shields Level 1  
  195  16:23  Tempest (Chrono Boost)  
  196  16:36  Stalker x2  
  200  16:46  Pylon  
  200  16:49  Dark Templar, Pylon  
  196  17:13  Archon x3  
  196  17:17  Photon Cannon  
  196  17:19  Photon Cannon  
  196  17:20  Photon Cannon  
  196  17:22  Photon Cannon  
  190  17:23  Photon Cannon  
  186  17:42  Tempest x2 (Chrono Boost)  
  186  17:44  Adept x2  
  188  17:45  Dark Templar  
  188  17:49  Dark Templar  
  188  17:55  Dark Templar  
  188  18:08  Stalker  
  188  18:09  Stalker x2  
  188  18:11  Nexus  
  194  18:15  Pylon  
  194  18:19  Oracle (Chrono Boost)  
  191  18:35  Phoenix (Chrono Boost)  
  191  18:38  Dark Templar  
  191  18:43  Photon Cannon  
  191  18:44  Photon Cannon  
  191  18:46  Photon Cannon  
  191  18:48  Photon Cannon  
  191  18:50  Photon Cannon  
  191  18:51  Pylon  
  191  18:54  Assimilator  
  191  18:59  Assimilator  
  188  19:06  Dark Templar, Stalker x2  
  131  19:17  Dark Templar  
  131  19:18  Adept x2, Stalker x2  
  131  19:19  Adept  
  131  19:20  Adept x3  
  131  19:21  Adept x2  
Show
View Real Time Build Order
Export as new Build Order

Miszu Terran - Winner!

Build Orders: Command Center First (CC), MMM Bio 

Get SALT Encoding   

  12  0:00  SCV  
  13  0:12  SCV  
  14  0:19  Supply Depot  
  14  0:24  SCV  
  15  0:40  SCV  
  16  0:52  SCV  
  17  0:59  Command Center  
  17  1:04  SCV  
  18  1:12  Barracks  
  18  1:16  SCV  
  19  1:28  SCV  
  19  1:30  Barracks  
  20  1:41  SCV  
  20  1:43  Barracks  
  21  1:53  SCV  
  22  2:01  Marine  
  22  2:05  Orbital Command  
  23  2:12  Orbital Command  
  23  2:16  Marine  
  23  2:19  Marine  
  25  2:30  Marine, SCV  
  25  2:32  Refinery  
  25  2:33  Refinery  
  25  2:34  Marine  
  28  2:37  Marine  
  28  2:38  SCV  
  30  2:45  SCV  
  30  2:47  Marine  
  32  2:51  Supply Depot  
  32  2:52  Marine, SCV  
  32  2:56  Marine  
  35  2:58  Supply Depot  
  35  3:00  SCV  
  35  3:04  SCV  
  37  3:06  Barracks Tech Lab  
  37  3:10  Marine  
  38  3:13  SCV  
  38  3:15  Marine  
  38  3:16  SCV  
  41  3:25  Stimpack, SCV  
  41  3:26  Marine  
  43  3:28  Marine, SCV  
  43  3:29  Supply Depot  
  43  3:33  Marine  
  46  3:37  SCV  
  46  3:40  Factory, SCV  
  48  3:43  Refinery  
  48  3:44  Marine  
  49  3:49  SCV  
  49  3:51  Supply Depot  
  49  3:53  SCV  
  49  3:55  Marine x2  
  52  4:01  Marine, SCV  
  55  4:05  SCV  
  56  4:13  Marine  
  56  4:14  Engineering Bay, SCV  
  56  4:16  Supply Depot, Marine  
  59  4:17  SCV  
  59  4:19  Marine  
  61  4:24  Factory Reactor  
  61  4:25  Starport  
  61  4:26  SCV  
  61  4:29  SCV  
  63  4:33  Marine  
  63  4:34  Marine  
  63  4:37  Marine  
  66  4:38  Supply Depot, SCV  
  66  4:41  SCV  
  67  4:50  SCV  
  67  4:51  Terran Infantry Weapons Level 1  
  68  4:53  SCV, Missile Turret  
  68  4:55  Marine x3, Missile Turret  
  68  4:59  Supply Depot  
  72  5:03  SCV  
  72  5:05  SCV  
  74  5:07  Medivac x2  
  74  5:10  Supply Depot  
  74  5:12  Marine  
  74  5:13  Marine  
  80  5:15  SCV  
  80  5:17  Marine, SCV  
  80  5:19  Refinery, Liberator  
  83  5:22  Liberator  
  83  5:27  Command Center  
  83  5:33  SCV x2  
  89  5:40  Barracks Reactor  
  89  5:41  Barracks Tech Lab  
  91  5:45  SCV x2  
  93  5:54  Supply Depot  
  93  5:55  Supply Depot  
  94  5:57  SCV x2  
  94  6:00  Barracks, Missile Turret  
  94  6:02  Combat Shields  
  94  6:03  Barracks  
  95  6:08  Concussive Shells  
  95  6:09  SCV x2  
  95  6:11  Supply Depot  
  97  6:15  Liberator  
  97  6:21  SCV  
  97  6:24  Fusion Core  
  97  6:25  Starport  
  98  6:26  SCV  
  98  6:30  Refinery  
  102  6:34  SCV  
  102  6:35  Refinery  
  102  6:39  Orbital Command  
  103  6:40  SCV  
  103  6:46  SCV  
  105  6:52  Barracks Reactor, Barracks Tech Lab, SCV  
  106  6:55  Terran Infantry Armor Level 1  
  106  6:58  Supply Depot, SCV  
  106  7:00  Marine, Marauder x2  
  112  7:04  SCV  
  112  7:05  Starport Tech Lab  
  112  7:06  Liberator x2  
  112  7:08  SCV  
  114  7:21  Supply Depot, Marauder  
  116  7:24  Liberator  
  122  7:39  SCV x3  
  122  7:40  Supply Depot  
  127  7:45  Supply Depot, Marine x3, Marauder x3  
  127  7:46  Marine  
  138  7:51  SCV  
  137  8:03  SCV x2  
  137  8:04  Engineering Bay, SCV  
  140  8:05  Armory  
  140  8:06  Marine x3, Marauder  
  140  8:07  Marauder  
  147  8:15  Command Center, SCV  
  147  8:16  Medivac x2  
  147  8:19  Marine  
  155  8:20  Marauder  
  155  8:24  Marine  
  156  8:39  Medivac  
  156  8:40  Marine x2, Marauder x2  
  162  8:46  Medivac x2  
  159  9:01  Marine x5, Marauder x2  
  161  9:06  Supply Depot, Barracks x2  
  161  9:07  Terran Infantry Armor Level 2, Terran Infantry Weapons Level 2  
  161  9:08  Supply Depot, Ghost Academy  
  161  9:09  Barracks  
  161  9:12  Viking  
  163  9:19  Marine  
  164  9:26  Planetary Fortress  
  164  9:27  Missile Turret  
  164  9:31  Refinery  
  164  9:35  Refinery  
  164  9:37  Viking x2  
  164  9:38  Marine, Marauder x2  
  172  9:39  Marine x3  
  172  9:43  Terran Ship Weapons Level 1  
  176  9:47  Marauder  
  176  9:50  Starport Reactor  
  178  9:56  Marine x2  
  178  9:59  Ghost  
  182  10:01  Barracks Tech Lab  
  182  10:02  Barracks Reactor, Barracks Tech Lab  
  182  10:05  Ghost  
  184  10:08  Viking x2  
  188  10:24  Ghost  
  188  10:25  Marine  
  188  10:26  Marine x3  
  194  10:32  Viking  
  194  10:33  Viking  
  198  10:38  Viking  
  198  10:39  Command Center  
  200  10:49  Viking  
  200  10:50  Marine  
  200  10:51  Marine x3  
  195  10:59  Marine  
  195  11:00  Marine x2  
  195  11:01  Marine x2  
  195  11:02  Ghost  
  199  11:13  Command Center  
  199  11:15  Command Center  
  199  11:30  Terran Infantry Weapons Level 3, Terran Infantry Armor Level 3  
  193  11:51  Viking x2  
  193  11:52  Viking  
  193  11:53  Viking  
  198  12:07  Marine  
  198  12:08  Marine x10  
  174  12:21  Viking  
  171  12:23  Viking x2  
  171  12:24  Viking  
  171  12:25  Marine  
  171  12:26  Marine  
  175  12:31  Marine  
  175  12:32  Marine x8  
  175  12:34  Orbital Command  
  175  12:35  Orbital Command  
  180  12:43  Marine  
  176  12:51  Viking  
  165  13:11  Marauder  
  165  13:12  SCV x6  
  168  13:16  Planetary Fortress  
  163  13:21  Refinery  
  163  13:24  SCV x4  
  165  13:29  Ghost x4  
  165  13:30  Viking  
  175  13:45  Command Center  
  175  13:47  Marine x5  
  180  13:53  Missile Turret  
  177  13:56  SCV  
  177  13:57  SCV x4  
  177  14:02  Missile Turret  
  168  14:18  Ghost  
  168  14:19  Missile Turret, Ghost  
  168  14:20  Viking  
  168  14:22  Viking  
  168  14:23  Viking  
  176  14:26  Viking  
  178  14:33  Marine  
  178  14:34  Marine  
  178  14:41  Missile Turret  
  178  14:47  Missile Turret  
  178  14:50  Viking  
  180  14:54  Viking x2  
  180  14:56  Viking  
  180  15:17  Starport  
  180  15:20  Viking  
  182  15:24  Viking x2  
  182  15:26  Viking  
  188  15:33  Refinery  
  187  15:38  Hi-Sec Auto Tracking  
  183  15:50  Viking  
  183  15:52  Missile Turret  
  183  15:54  Viking  
  185  16:01  Missile Turret  
  185  16:06  Viking  
  185  16:07  Viking x2  
  185  16:08  Ghost  
  185  16:09  Marine  
  185  16:10  Marine x6  
  200  16:12  Planetary Fortress  
  197  16:20  Viking  
  197  16:23  SCV  
  197  16:24  SCV  
  200  16:25  SCV  
  197  16:49  Missile Turret  
  197  16:51  Missile Turret  
  197  17:04  Sensor Tower  
  197  17:06  Marine, Marauder  
  185  17:31  Marine x10, Marauder  
  185  17:33  Viking  
  185  17:34  Viking x3  
  186  17:48  Marine  
  186  17:49  Marine x9  
  193  17:52  Marine  
  193  17:53  Viking  
  195  18:03  Viking  
  195  18:04  Viking, Missile Turret  
  199  18:18  Missile Turret  
  199  18:22  SCV  
  200  18:29  Missile Turret  
  200  18:30  Medivac  
Tags
 
Add a new tag
Caveats
  • Supply blocks, unpowered buildings, or Contaminate may cause inaccurate times.
  • Supply counts are checked every 10 seconds.